 Dungeon Crawl Stone Soup version 0.27.1-33-g824d729ab1 (webtiles) character file.

Game seed: 4644408402083556274

506 dianekeaton the Basher (level 6, -8/76 HPs)
             Began as a Minotaur Berserker on Dec 8, 2021.
             Was a Believer of Trog.
             Mangled by a mummy (15 damage)
             ... in an ossuary.
             The game lasted 00:07:00 (2682 turns).

dianekeaton the Basher (Minotaur Berserker)         Turns: 2682, Time: 00:07:02

Health: -8/76      AC:  8    Str: 22    XL:     6   Next: 97%
Magic:  5/5        EV:  8    Int:  4    God:    Trog [**....]
Gold:   138        SH:  0    Dex: 17    Spells: 5/5 levels left

rFire    . . .     SeeInvis .   a - +0 mace
rCold    . . .     Faith    .   (no shield)
rNeg     . . .     Spirit   .   m - +0 chain mail
rPois    +         Reflect  .   (helmet restricted)
rElec    .         Harm     .   (no cloak)
rCorr    .         Rampage  .   (no gloves)
Will     .....                  (no boots)
Stlth    ..........             (no amulet)
HPRegen  0.22/turn              j - +6 ring of dexterity
MPRegen  0.09/turn              d - ring of poison resistance

@: berserking, very quick
A: horns 2, retaliatory headbutt
a: Renounce Religion, Berserk, Trog's Hand


You were in an ossuary.
You worshipped Trog.
Trog was pleased with you.
You visited 1 branch of the dungeon, and saw 6 of its levels.
You also visited: Ossuary.

You collected 138 gold pieces.

Inventory:

Hand Weapons
 a - a +0 mace (weapon)
Armour
 m - a +0 chain mail (worn)
Jewellery
 d - a ring of poison resistance (right hand)
 h - a ring of protection from fire
 j - a +6 ring of dexterity (left hand)
Scrolls
 b - a scroll of acquirement {unknown}
 c - a scroll of fog {unknown}
 e - a scroll of teleportation {unknown}
 f - 3 scrolls of enchant armour {unknown}
 g - a scroll of summoning {unknown}
 l - a scroll of fear {unknown}
 n - a scroll of enchant weapon {unknown}
 o - a scroll of immolation {unknown}
 q - 2 scrolls of vulnerability {unknown}
 r - a scroll of blinking {unknown}
 s - 3 scrolls of identify {unknown}
Potions
 i - 2 potions of mutation {unknown}
 k - 3 potions of cancellation {unknown}
 p - a potion of ambrosia {unknown}


   Skills:
 - Level 3.6 Fighting
 + Level 9.5 Maces & Flails
 + Level 0.1 Throwing
 - Level 2.4 Armour
 - Level 2.1 Dodging


You had 5 spell levels left.
You didn't know any spells.
Your spell library was empty.

Dungeon Overview and Level Annotations

Branches:
Dungeon (6/15)            Ossuary (1/1)
 Temple: D:4-7

Altars:

Shops:
D:4 [


Innate Abilities, Weirdness & Mutations

You have a pair of horns on your head.
You reflexively headbutt those who attack you in melee.


Message History

The gnoll zombie barely misses you. The orc zombie closely misses you.
The mummy hits you.
You thump the mummy!
You destroy the mummy!
Trog accepts your kill. The gnoll zombie barely misses you.
You hit the mummy. You headbutt the mummy.
The mummy is moderately damaged.
The mummy barely misses you.
The gnoll zombie hits you but does no damage.
You sock the mummy!
The mummy is severely damaged.
The kobold zombie hits you. The gnoll zombie barely misses you.
You hit the mummy.
The mummy is almost destroyed.
The mummy hits you! The mummy closely misses you.
The kobold zombie barely misses you.
You are too injured to fight recklessly!
A red film seems to cover your vision as you go berserk!
You feel yourself moving faster!
You feel mighty!
The gnoll zombie hits you but does no damage.
You bludgeon the kobold zombie!!
You destroy the kobold zombie!
Trog accepts your kill. The mummy hits you!
* * * LOW HITPOINT WARNING * * *
The mummy hits you!
* * * LOW HITPOINT WARNING * * *
The gnoll zombie hits you but does no damage.
You hit the mummy.
You destroy the mummy!
Trog accepts your kill. The kobold zombie barely misses you.
You sock the orc zombie!
You destroy the orc zombie!
Trog accepts your kill.
A kobold zombie comes into view.
The gnoll zombie hits you but does no damage.
The mummy hits you!
You die...

..Z...........
..............
............
#........#
#......#
#.Z..# #Z.M.#
#.@..# #..Z.#
#....# #....#
#....# #....#
#.∩∩.# ######


You could see a mummy, a gnoll zombie and 3 kobold zombies.

Vanquished Creatures
  A water moccasin (D:4)
  An ogre (D:4)
  A hound (D:4)
  A jelly (D:3)
  A gnoll shaman (D:3)
  An orc wizard (D:3)
  A hound skeleton (D:5)
  3 mummies (Ossuary)
  5 gnolls (D:3)
  2 adders
  5 worms (D:2)
  4 dart slugs
  6 orcs
  5 endoplasms
  2 giant cockroaches
  A gnoll zombie (Ossuary)
  4 goblins
  5 hobgoblins
  2 jackals (D:1)
  4 quokkas
  2 ball pythons
  9 bats
  5 frilled lizards
  2 kobolds
  A kobold zombie (Ossuary)
  An orc zombie (Ossuary)
  4 rats
79 creatures vanquished.

Notes
Turn   | Place    | Note
-------+----------+-------------------------------------------
     0 | D:1      | dianekeaton the Minotaur Berserker began the quest for the
                  | Orb.
     0 | D:1      | Reached XP level 1. HP: 19/19 MP: 0/0
    74 | D:1      | Reached skill level 4 in Maces & Flails
   151 | D:1      | Reached XP level 2. HP: 22/26 MP: 1/1
   570 | D:1      | Reached skill level 5 in Maces & Flails
   598 | D:1      | Reached ** piety under Trog
   836 | D:2      | Reached XP level 3. HP: 31/31 MP: 2/2
  1434 | D:2      | Reached skill level 6 in Maces & Flails
  1434 | D:2      | Reached XP level 4. HP: 30/39 MP: 3/3
  1559 | D:2      | Found a faded altar of an unknown god.
  1761 | D:3      | Reached skill level 7 in Maces & Flails
  1761 | D:3      | Reached XP level 5. HP: 43/45 MP: 4/4
  2305 | D:3      | You fall into a shaft and drop 3 floors!
  2326 | D:5      | Entered Level 5 of the Dungeon
  2332 | D:5      | Reached skill level 8 in Maces & Flails
  2348 | D:4      | Reached XP level 6. HP: 51/51 MP: 5/5
  2432 | D:4      | Found Qilevvyd's Armour Shop.
  2539 | D:4      | Noticed a water moccasin
  2545 | D:4      | Killed a water moccasin
  2546 | D:4      | Reached skill level 9 in Maces & Flails
  2641 | D:4      | Found a sand-covered staircase.
  2650 | Ossuary  | Entered an ossuary
  2682 | Ossuary  | Mangled by a mummy

Illustrated notes

Levels and vault maps discovered:
D:1:      psy_arrival_whirlpool, layout_rooms, serial_glass, glass_columns_b,
          glass_columns_b, glass_columns_a, chequers_serial_rivers_room_a
D:2:      layout_basic, hellmonk_ecumenical_altar_heavens_door,
          minmay_pentomino_w4
D:3:      layout_basic, uniq_natasha
D:4:      minmay_thinvault, layout_basic, mainiacjoe_overflow_brackets,
          makhleb_altar_promises_db, lightli_ossuary_entry_decrepit_ruins,
          serial_shops, shop_fountains, minmay_misc_feat_rugged
D:5:      layout_rooms, kennysheep_mini_moat,
          minmay_temple_entry_drinking_statues, cheibrodos_gnoll_hut
D:6:      layout_rooms, nicolae_overflow_crystal_walls, nzn_random_ring
Ossuary:  ossuary_tomb_3

Skill      XL: |  1  2  3  4  5  6 |
---------------+-------------------+-----
Maces & Flails | 4 5 6 7 8 9 |  9.5
Fighting       | |  3.6
Throwing       | |  0.1
Armour         | |  2.4
Dodging        | |  2.1

Action                   |  1- 3 |  4- 6 || total
-------------------------+-------+-------++-------
Melee: Mace              |   101 |    88 ||   189
       Headbutt          |    13 |    23 ||    36
Throw: Throwing net      |       |     1 ||     1
Invok: Berserk           |     1 |     1 ||     2
       Trog's Hand       |       |     2 ||     2
 Stab: Sleeping          |     1 |       ||     1
Armor: Animal skin       |    14 |       ||    14
       Chain mail        |    40 |    42 ||    82
Dodge: Dodged            |    64 |    39 ||   103
